 Dungeon Crawl Stone Soup version 0.28-a0-178-ga708605c5b (webtiles) character file.

Game seed: 11917087000486878737

99 Ezendos the Stinger (level 4, 0/44 HPs)
             Began as an Ogre Venom Mage on Aug 17, 2021.
             Slain by Grinder (3 damage)
             ... while paralysed by Grinder
             ... on level 3 of the Dungeon.
             The game lasted 00:07:00 (3802 turns).

Ezendos the Stinger (Ogre Venom Mage)               Turns: 3802, Time: 00:07:01

Health: 0/44       AC:  3    Str: 12    XL:     4   Next: 72%
Magic:  1/8        EV:  1    Int: 17    God:
Gold:   43         SH:  0    Dex:  9    Spells: 6/9 levels left

rFire   + . .      SeeInvis .   b - staff of conjuration
rCold   + . .      Faith    .   (no shield)
rNeg    . . .      Spirit   .   a - +0 robe
rPois   .          Reflect  .   (helmet restricted)
rElec   .          Harm     .   i - scarf {rC+ rF+}
rCorr   .          Rampage  .   (gloves unavailable)
Will    .....                   (boots unavailable)
Stlth   ++........              (no amulet)
HPRegen 0.14/turn               c - +4 ring of evasion
MPRegen 0.11/turn               (no ring)

@: paralysed, mighty
A: large, unfitting armour, tough skin 1
a: no special abilities


You were on level 3 of the Dungeon.
You visited 1 branch of the dungeon, and saw 3 of its levels.

You collected 43 gold pieces.

Inventory:

Missiles
 f - 4 silver boomerangs
Armour
 a - a +0 robe (worn)
 i - a scarf of resistance (worn)
Magical Staves
 b - a staff of conjuration (weapon)
Jewellery
 c - a +4 ring of evasion (left hand)
Scrolls
 j - a scroll of amnesia
Potions
 k - a potion of curing {unknown}


   Skills:
 + Level 2.5 Fighting
 - Level 1.8 Dodging
 - Level 2.0 Stealth
 + Level 3.0 Spellcasting
 + Level 1.8 Transmutations
 + Level 1.1 Air Magic
 - Level 3.0 Poison Magic


You had 6 spell levels left.
You knew the following spells:

 Your Spells              Type           Power      Damage    Failure   Level
a - Sting                 Tmut/Pois      40%        1d5       6%          1
b - Poisonous Vapours     Pois/Air       18%        N/A       11%         2

Your spell library contained the following spells:

 Spells                   Type           Power      Damage    Failure   Level
 Ignite Poison            Fire/Tmut/Pois 8%         N/A       26%         3
 Mephitic Cloud           Conj/Pois/Air  10%        N/A       30%         3
 Olgreb's Toxic Radiance  Pois           12%        N/A       45%         4
 Bolt of Magma            Conj/Fire/Erth 1%         4d4       99%         5


Dungeon Overview and Level Annotations

Branches:
Dungeon (3/15)

Altars:
Qazlal

Annotations:
D:3 Grinder


Innate Abilities, Weirdness & Mutations

You are too large for most types of armour.
You have tough skin. (AC +1)


Message History

Aim: Grinder (lightly wounded, extremely poisoned, 68% to hit)
The sting hits Grinder.
Grinder partially resists.
Grinder looks as sick as possible!
Grinder is moderately wounded.
Grinder hits you.
You writhe in agony.
Unknown command.
Casting: Sting (safe; 6% risk of failure)
Confirm with . or Enter, or press ? or * to list all spells.
Aiming: Sting (safe; 6% risk of failure)
Press: ? - help, Shift-Dir - straight line, f/p - Grinder
Aim: Grinder (moderately wounded, extremely poisoned, 68% to hit)
The sting hits Grinder but does no damage.
Grinder looks as sick as possible!
Grinder is moderately wounded.
Grinder closely misses you.
You closely miss Grinder.
Grinder is moderately wounded.
Grinder closely misses you.
Your magical contamination has completely faded away.
It was a potion of might.
You feel very mighty all of a sudden. Grinder closely misses you.
You closely miss Grinder.
Grinder is heavily wounded.
Grinder hits you.
You closely miss Grinder.
Grinder is heavily wounded.
Grinder hits you but does no damage.
You hit Grinder!
Grinder is severely wounded.
Grinder hits you.
* * * LOW HITPOINT WARNING * * *
You barely miss Grinder.
Grinder is severely wounded.
You hear the slow rusting of a very distant drain.
Grinder gestures at you.
You suddenly lose the ability to move!
Grinder hits you!
* * * LOW HITPOINT WARNING * * *
You writhe in agony.
You die...

######### #.....5..
#.# ##.#############
######........)......
........#############
.######.# #5# #@# #.#
#.# #.# #(#### #.<..#
####.# #.# #.#


You could see Grinder (very poisoned).

Vanquished Creatures
  Jessica (D:2)
  An adder (D:3)
  A worm (D:2)
  An orc (D:3)
  4 bats
  5 endoplasms
  4 giant cockroaches
  4 goblins (D:2)
  2 hobgoblins (D:2)
  4 jackals (D:1)
  6 kobolds
  5 quokkas
  5 ball pythons
  4 frilled lizards
  7 rats
54 creatures vanquished.

Notes
Turn   | Place    | Note
-------+----------+-------------------------------------------
     0 | D:1      | Ezendos the Ogre Venom Mage began the quest for the Orb.
     0 | D:1      | Reached XP level 1. HP: 16/16 MP: 3/3
   231 | D:1      | Reached skill level 1 in Fighting
   648 | D:1      | Reached XP level 2. HP: 27/27 MP: 1/5
   720 | D:1      | Learned a level 2 spell: Poisonous Vapours
  1112 | D:1      | Reached skill level 1 in Transmutations
  1427 | D:1      | Reached XP level 3. HP: 14/35 MP: 0/6
  2298 | D:2      | Found a stormy altar of Qazlal.
  2779 | D:2      | Found a faded altar of an unknown god.
  2922 | D:2      | Noticed Jessica
  2931 | D:2      | Killed Jessica
  2932 | D:2      | Reached skill level 1 in Air Magic
  2932 | D:2      | Reached XP level 4. HP: 42/42 MP: 2/8
  3782 | D:3      | Noticed Grinder
  3802 | D:3      | Paralysed by Grinder for 2 turns
  3802 | D:3      | Slain by Grinder

Illustrated notes

Levels and vault maps discovered:
D:1:      heliophobic_arrival_henge, layout_loops_cross,
          minmay_misc_feat_nine_boxes
D:2:      layout_basic, shapermc_ecumenical_altar_pompeii, basic_altar,
          minmay_tripent, uniq_jessica
D:3:      layout_loops_ring, mainiacjoe_overflow_boulevard,
          cheibrodos_sewer_entry_bend, patterned_corridor, uniq_grinder

Skill      XL: |  1  2  3  4 |
---------------+-------------+-----
Fighting       | 1 2 |  2.5
Transmutations | 1 |  1.8
Stealth        | 2 |  2.0
Air Magic      | 1 |  1.1
Poison Magic   | 3 |  3.0
Spellcasting   | 3 |  3.0
Dodging        | |  1.8

Action                   |  1- 3 |  4- 6 || total
-------------------------+-------+-------++-------
Melee: Unarmed           |    27 |       ||    27
       Staff             |    20 |     6 ||    26
 Cast: Sting             |    86 |    29 ||   115
       Poisonous Vapours |     5 |     3 ||     8
  Use: Scroll            |       |     4 ||     4
       Potion            |       |     1 ||     1
Armor: Robe              |    34 |     4 ||    38
Dodge: Dodged            |    47 |     5 ||    52

Table legend: (Time is in decaauts)
 A = Elapsed time spent in this place.
 B = Non-inter-level travel time spent in this place.
 C = Inter-level travel time spent in this place.
 D = Time resting spent in this place.
 E = Time spent auto-exploring this place.
 F = Levels seen in this place.
 G = Mean time per level.
                   A        B        C        D        E       F      G
               +--------+--------+--------+--------+--------+-----+--------+
         Total |   3807 |   3549 |    258 |     39 |   2877 |   3 | 1269.0 |
       Dungeon |   3807 |   3549 |    258 |     39 |   2877 |   3 | 1269.0 |
               +--------+--------+--------+--------+--------+-----+--------+

Top non-repeatable levels by time:
     D:1: 1926 daAuts
     D:2: 1792 daAuts
     D:3: 88 daAuts
